 Dungeon Crawl Stone Soup version 0.23-a0-315-ga85b81c (webtiles) character file.

18 namelastname112 the Grave Robber (level 2, 0/23 HPs)
             Began as a Draconian Wanderer on Oct 13, 2018.
             Slain by a kobold (3 damage)
             ... on level 1 of the Dungeon.
             The game lasted 00:01:02 (363 turns).

namelastname112 the Grave Robber (DrWn)              Turns: 363, Time: 00:01:02

Health: 0/23       AC:  4    Str: 18    XL:     2   Next: 51%
Magic:  4/4        EV: 12    Int: 11    God:
Gold:   32         SH:  0    Dex:  7    Spells: 4/4 levels left

rFire    . . .     SeeInvis .   c - +0 dagger
rCold    . . .     Gourm    .   (no shield)
rNeg     . . .     Faith    .   (armour unavailable)
rPois    .         Spirit   .   (helmet restricted)
rElec    .         Reflect  .   (no cloak)
rCorr    .         Harm     .   (no gloves)
MR       .....                  (no boots)
Stlth    +.........             (no amulet)
HPRegen  0.07/turn              (no ring)
MPRegen  0.09/turn              (no ring)

@: no status effects
A: unfitting armour, cold-blooded, AC +4
a: no special abilities


You were on level 1 of the Dungeon.
You were not hungry.

You visited 1 branch of the dungeon, and saw 1 of its levels.

You collected 32 gold pieces.

Inventory:

Hand Weapons
 c - a +0 dagger (weapon)
Potions
 a - a potion of haste
 b - 2 potions of heal wounds
 d - a potion of berserk rage {unknown}
 e - 2 potions of mutation {unknown}
Comestibles
 f - a ration


   Skills:
 + Level 1.2 Fighting
 + Level 1.5 Dodging
 - Level 1.0 Stealth
   Level 1.0 Shields
 - Level 2.0 Unarmed Combat
 + Level 1.5 Spellcasting
   Level 4.0 Necromancy


You had 4 spell levels left.
You didn't know any spells.
Your spell library contained the following spells:

 Spells                   Type           Power        Failure   Level  Hunger
 Pain                     Necr           #...         6%          1    ##.....
 Sting                    Conj/Pois      #...         30%         1    ##.....
 Regeneration             Chrm/Necr      #.........   38%         3    ####...
 Stone Arrow              Conj/Erth      #.....       67%         3    ####...


Dungeon Overview and Level Annotations

Branches:
Dungeon (1/15)

Altars:


Innate Abilities, Weirdness & Mutations

Your plain brown scales are hard. (AC +4)
You cannot fit into any form of body armour.
You are cold-blooded and may be slowed by cold attacks.


Message History

The goblin closely misses you.
You hit the goblin.
The goblin is severely wounded.
The goblin hits you with a club.
* * * LOW HITPOINT WARNING * * *
You take 2 damage, and have 6/23 hp.
You closely miss the goblin.
You tail-slap the goblin, but do no damage.
The goblin is severely wounded.
The goblin closely misses you.
You barely miss the goblin.
Your tail-slap misses the goblin.
The goblin is severely wounded.
The goblin hits you with a club.
* * * LOW HITPOINT WARNING * * *
You take 3 damage, and have 3/23 hp.
You hit the goblin.
You kill the goblin!
The kobold throws a stone.
The stone hits you but does no damage. The kobold hits you.
You die...

###### .....##
#### .....). #.#.
....... #..
....!.. #
#(#.......
.#.#(.......
#.##K##.###.
#.##@# #.##.#
#########....#
...........####
######..........
#######.....###.#
................
.#.####.....##.#
#### #....###.#
##..#


You could see a kobold.

Vanquished Creatures
  A giant cockroach (D:1)
  4 goblins (D:1)
  3 hobgoblins (D:1)
  5 kobolds (D:1)
  A frilled lizard (D:1)
  3 rats (D:1)
17 creatures vanquished.

Notes
Turn   | Place    | Note
-------+----------+-------------------------------------------
     0 | D:1      | namelastname112 the Draconian Wanderer began the quest for
                  | the Orb.
     0 | D:1      | namelastname112 set off with: a potion of haste, a potion
                  | of heal wounds, a +0 club, a ration
     0 | D:1      | Reached XP level 1. HP: 14/14 MP: 2/2
   109 | D:1      | Reached XP level 2. HP: 14/22 MP: 4/4
   112 | D:1      | Reached skill level 1 in Fighting
   363 | D:1      | Slain by a kobold

Vault maps used:
D:1:      dpeg_arrival_radiant, minivault_27

Skill      XL: |  1  2 |
---------------+-------+-----
Fighting       | 1 |  1.2
Dodging        | |  1.5
Stealth        | |  1.0
Shields        | |  1.0
Unarmed Combat | |  2.0
Spellcasting   | |  1.5
Necromancy     | |  4.0

Action                   || total
-------------------------++-------
Melee: Dagger            ||    58
       Tailslap          ||     4
       Club              ||     2
Armor: Skin              ||    13
Dodge: Dodged            ||    30

Table legend:
 A = Non-vault XP
 B = Vault XP
 C = Vault XP percentage of total XP
 D = Non-vault monster count
 E = Vault monster count
 F = Vault count percentage of total count
                 A         B        C        D         E       F
            +---------+---------+-------+---------+---------+-------
      Total |      27 |       0 |   0.0 |      17 |       0 |   0.0
            +---------+---------+-------+---------+---------+-------
        D:1 |      27 |       0 |   0.0 |      17 |       0 |   0.0
            +---------+---------+-------+---------+---------+-------
